 Dungeon Crawl Stone Soup version 0.29-a0-1027-gcd8c55af63 (webtiles) character file.

Game seed: 14504225772115694902

42 siradein the Trooper (level 3, 0/36 (43) HPs)
             Began as a Demonspawn Berserker on Aug 13, 2022.
             Was a Believer of Trog.
             Slain by a quokka (3 damage)
             ... on level 2 of the Dungeon.
             The game lasted 00:02:50 (1741 turns).

siradein the Trooper (Demonspawn Berserker)         Turns: 1741, Time: 00:02:51

HP:   0/36 (43)     AC:  2    Str: 19    XL:     3   Next: 35%
MP:   3/3           EV:  9    Int:  8    God:    Trog [**....]
Gold: 43            SH:  0    Dex: 12    Spells: 2/2 levels left

rFire   . . .      SeeInvis .     - Unarmed
rCold   . . .      Faith    .   (no shield)
rNeg    . . .      Spirit   .   b - +0 animal skin
rPois   .          Reflect  .   (no helmet)
rElec   .          Harm     .   (no cloak)
rCorr   .          Rampage  .   (no gloves)
Will    .....                   (no boots)
Stlth   ..........              d - amulet of magic regeneration
HPRegen 0.12/turn               (no ring)
MPRegen 0.48/turn               (no ring)

@: berserking, lethally poisoned (0 -> -1), constricted, heavily drained, very
quick
A: claws 1
a: Renounce Religion, Berserk, Trog's Hand


You were on level 2 of the Dungeon.
You worshipped Trog.
Trog was pleased with you.
You visited 1 branch of the dungeon, and saw 2 of its levels.

You collected 43 gold pieces.

Inventory:

Armour
 b - a +0 animal skin (worn)
Jewellery
 d - an amulet of magic regeneration (around neck)
Scrolls
 c - a scroll of vulnerability {unknown}
 e - a scroll of teleportation {unknown}
 f - a scroll of magic mapping {unknown}
 h - a scroll of enchant armour {unknown}
Potions
 a - a potion of might {unknown}
 g - a potion of cancellation {unknown}


   Skills:
 + Level 3.3 Fighting
 - Level 2.8 Polearms
 + Level 2.2 Armour
 + Level 2.2 Dodging
 * Level 1.2 Unarmed Combat


You had 2 spell levels left.
You didn't know any spells.
Your spell library was empty.

Dungeon Overview and Level Annotations

Branches:
Dungeon (2/15)

Altars:


Innate Abilities, Weirdness & Mutations

You have sharp fingernails.


Message History

An adder is nearby!
An adder is nearby!
An adder is nearby!
A ball python comes into view.
A quokka comes into view.
The adder closely misses you.
You barely miss the adder.
The ball python hisses angrily.
You miss the adder. The adder bites you.
You are poisoned.
The adder poisons you! The ball python barely misses you. x2
The adder bites you.
You scratch the adder.
The adder is heavily wounded.
You feel sick. The ball python closely misses you. The ball python misses you.
The adder bites you.
You barely miss the adder.
The adder is heavily wounded.
You feel sick. The quokka bites you. The ball python barely misses you.
The ball python grabs you. The ball python constricts you.
The adder bites you but does no damage. The quokka closely misses you.
You closely miss the ball python.
You feel sick. The ball python closely misses you.
The ball python constricts you. The adder closely misses you.
The quokka bites you.
* * * LOW HITPOINT WARNING * * *
The ball python barely misses you. The ball python constricts you.
The adder bites you.
* * * LOW HITPOINT WARNING * * *
A red film seems to cover your vision as you go berserk!
You feel yourself moving faster!
You feel mighty!
You feel sick. The quokka bites you.
* * * LOW HITPOINT WARNING * * *
The adder bites you.
* * * LOW HITPOINT WARNING * * *
The ball python bites you but does no damage.
The ball python constricts you.
You miss the adder.
The adder is heavily wounded.
You feel sick. The quokka bites you.
You die...

...........##....#
....#..#)#.##....#
............)....#
##.##..#.#.##...##
...........##...#
###
########.####...#
#.. # #†# #..!##.#
# #.# ##...#r#
########.# #....@#
.........#
#.#..SS#
##########
#.#.....#
#.##...#.# ....#.#
##.#.# # #.#.# #.
.#


You could see an adder, a quokka and a ball python.

Vanquished Creatures
  A worm (D:2)
  2 dart slugs (D:1)
  4 ball pythons (D:1)
  4 bats
  2 endoplasms (D:1)
  4 goblins
  3 hobgoblins
  5 jackals
  2 kobolds
  A frilled lizard (D:2)
  2 rats (D:1)
30 creatures vanquished.

Notes
Turn   | Place    | Note
-------+----------+-------------------------------------------
     0 | D:1      | siradein the Demonspawn Berserker began the quest for the
                  | Orb.
     0 | D:1      | Reached XP level 1. HP: 18/18 MP: 1/1
   209 | D:1      | Discovered your monstrous ancestry.
   209 | D:1      | Gained mutation: You have sharp fingernails. [demonic
                  | ancestry]
   209 | D:1      | Reached XP level 2. HP: 24/24 MP: 2/2
   681 | D:1      | Found a faded altar of an unknown god.
   880 | D:1      | Reached XP level 3. HP: 24/29 MP: 3/3
  1202 | D:2      | Reached ** piety under Trog
  1213 | D:2      | Reached skill level 1 in Unarmed Combat
  1741 | D:2      | Slain by a quokka

Illustrated notes

Levels and vault maps discovered:
D:1:      tarquinn_simple_flora_water_e, layout_basic,
          dreamdust_ecumenical_altar_hidden_monk_grotto
D:2:      layout_loops_ring, minmay_pentomino_z2

Skill      XL: |  1  2  3 |
---------------+----------+-----
Armour         | 2 |  2.2
Dodging        | 2 |  2.2
Unarmed Combat | 1 |  1.2
Fighting       | |  3.3
Polearms       | |  2.8

Action                   || total
-------------------------++-------
Melee: Spear             ||    20
       Unarmed           ||    90
       Punch             ||     2
Invok: Berserk           ||     2
Armor: Animal skin       ||    27
Dodge: Dodged            ||    84

Table legend: (Time is in decaauts)
 A = Elapsed time spent in this place.
 B = Non-inter-level travel time spent in this place.
 C = Inter-level travel time spent in this place.
 D = Time resting spent in this place.
 E = Time spent auto-exploring this place.
 F = Levels seen in this place.
 G = Mean time per level.
                   A        B        C        D        E       F      G
               +--------+--------+--------+--------+--------+-----+--------+
         Total |   1745 |   1729 |     16 |      0 |   1521 |   2 |  872.5 |
       Dungeon |   1745 |   1729 |     16 |      0 |   1521 |   2 |  872.5 |
               +--------+--------+--------+--------+--------+-----+--------+

Top non-repeatable levels by time:
     D:1: 1487 daAuts
     D:2: 257 daAuts
